 Dungeon Crawl Stone Soup version 0.17.0-28-g6e173f8 (webtiles) character file.

77 slix the Sneak (level 4, 0/27 HPs)
             Began as an Octopode Earth Elementalist on Dec 3, 2015.
             Slain by an adder (3 damage)
             ... on level 2 of the Dungeon.
             The game lasted 00:09:36 (2906 turns).

slix the Sneak (Octopode Earth Elementalist)        Turns: 2906, Time: 00:09:36

Health: 0/27       AC:  2    Str:  7    XL:     4   Next: 34%
Magic:  1/7        EV: 12    Int: 18    God:
Gold:   93         SH:  0    Dex: 12    Spells: 3 memorised, 0 levels left

rFire  . . .     SeeInvis +     h - +0 dagger
rCold  . . .     Clarity  .     (no shield)
rNeg   . . .     SustAt   .     o - +1 hat
rPois  .         Gourm    +     j - amulet of the gourmand
rElec  .         Spirit   .     q - ring of see invisible
rCorr  .         Warding  .     (no ring)
rMut   .         Stasis   .     (no ring)
MR     .....                    (no ring)
Stlth  ++++......               (no ring)
                                (no ring)
                                (no ring)
                                (no ring)

@: lethally poisoned (0 -> -2), not resistant to hostile enchantments, stealthy
A: almost no armour, amphibious, 8 rings, constrict 8, camouflage 1, gelatinous
body 1
a: no special abilities


You were on level 2 of the Dungeon.
You were completely stuffed.

You visited 1 branch of the dungeon, and saw 3 of its levels.

You collected 93 gold pieces.

Inventory:

Hand Weapons
 h - a +0 dagger (weapon)
Missiles
 a - 76 stones (quivered)
 n - 9 arrows of flame
 r - 41 sling bullets
 t - 40 poisoned needles
Armour
 o - a +1 hat (worn)
Jewellery
 j - an amulet of the gourmand (around mantle)
 q - a ring of see invisible (left tentacle)
Scrolls
 e - a scroll of random uselessness
 g - a scroll of remove curse
 k - a scroll of recharging
 l - a scroll of amnesia
Potions
 i - a potion of flight
 p - a potion of lignification
 u - a potion of invisibility
 w - a potion of cure mutation
Books
 b - a book of Geomancy

   Spells                             Type                      Level
   a - Sandblast                      Earth                        1
   b - Stoneskin                      Transmutation/Earth          2
   c - Passwall                       Transmutation/Earth          3
   d - Stone Arrow                    Conjuration/Earth            3
   e - Petrify                        Transmutation/Earth          4
   f - Lee's Rapid Deconstruction     Earth                        5
Comestibles
 c - 3 bread rations
 m - a meat ration
 v - a slice of pizza


   Skills:
 + Level 0.6 Fighting
 + Level 0.4 Short Blades
 + Level 2.3 Dodging
 + Level 4.2 Stealth
 + Level 2.4 Spellcasting
 + Level 1.0 Transmutations
 + Level 3.6 Earth Magic


You couldn't memorise any spells.
You knew the following spells:

 Your Spells              Type           Power        Failure   Level  Hunger
a - Sandblast             Erth           ###...       4%          1    #......
b - Passwall              Trmt/Erth      ##........   24%         3    ###....
c - Stone Arrow           Conj/Erth      #.....       30%         3    ###....


Dungeon Overview and Level Annotations

Branches:
Dungeon (3/15)

Altars:


Innate Abilities, Weirdness & Mutations

You cannot wear most types of armour.
You are amphibious.
You can wear up to eight rings at the same time.
You can use your tentacles to constrict eight enemies at once.
Your skin changes colour to match your surroundings (Stealth).
Your rubbery body absorbs attacks (AC +1).


Message History

The blast of sand hits the adder.
The adder is severely wounded.
The adder closely misses you.
Casting: Sandblast
Confirm with . or Enter, or press ? or * to list all spells.
Aiming: Sandblast
Press: ? - help, Shift-Dir - straight line, f/p - adder
Aim: an adder (severely wounded)
The blast of sand hits the adder.
The adder is almost dead.
The adder bites you but does no damage.
Casting: Sandblast
Confirm with . or Enter, or press ? or * to list all spells.
Aiming: Sandblast
Press: ? - help, Shift-Dir - straight line, f/p - adder
Aim: an adder (almost dead)
The blast of sand hits the adder.
The adder is almost dead.
You feel sick. The adder bites you.
You die...

##.########## #. ####...#.......#
#####. #....#.#.......# #.....
#.##...#.......# #.###.
#.######.......# #.###. #.###
#.......# #.##.. #.#.##
#.......###.##.#
##..#.###........<#.##.#
#.....S@###..####.#.....
#.##.##)# #..####.####.#
#.##.##.# #....##.####.#
#.##....# #.##.........#
#.#####.# #.##.##.##.### ######
#.#####.###.......##.#
.....#####.................##.###
#.#......##############.#####....
#.#..###.# #...#####....


You could see an adder.

Vanquished Creatures
  An adder (D:3)
  An ooze (D:2)
  An orc (D:3)
  A giant cockroach (D:2)
  6 hobgoblins
  8 jackals
  8 kobolds
  9 bats
  5 giant newts
  11 goblins
  11 rats
62 creatures vanquished.

Notes
Turn   | Place    | Note
--------------------------------------------------------------
     0 | D:1      | slix the Octopode Earth Elementalist began the quest for the Orb.
     0 | D:1      | Reached XP level 1. HP: 11/11 MP: 3/3
   404 | D:1      | Reached XP level 2. HP: 4/17 MP: 1/5
  1399 | D:2      | Reached XP level 3. HP: 21/21 MP: 4/6
  1782 | D:2      | Learned a level 3 spell: Passwall
  2404 | D:3      | Reached XP level 4. HP: 27/27 MP: 7/7
  2475 | D:3      | Reached skill level 4 in Stealth
  2829 | D:3      | Learned a level 3 spell: Stone Arrow
  2906 | D:2      | Slain by an adder

Action                   |  1- 3 |  4- 6 || total
-------------------------+-------+-------++-------
Melee: Dagger            |    69 |    17 ||    86
       Unarmed           |     2 |       ||     2
 Cast: Sandblast         |    23 |    18 ||    41
  Use: Scroll            |       |    10 ||    10
       Potion            |       |     1 ||     1
 Stab: Sleeping          |    19 |     2 ||    21
       Distracted        |     1 |       ||     1
  Eat: Chunk             |    15 |     2 ||    17
